Map: Port Aleksander LE

Players

wustenqualle - Winner!

  • Race: Zerg Zerg
  • Spawn Location: 5:00

VOD

Have the link to the VOD?

Description

Time

  • Played on: May 17, 2019, 9 a.m.
  • Length: 25:06
Show
View Real Time Build Order
Export as new Build Order

wustenqualle Zerg - Winner!

Build Orders:  

Get SALT Encoding   

  12  0:08  Drone  
  13  0:12  Drone  
  14  0:36  Overlord  
  14  0:40  Overlord  
  14  1:03  Drone x2  
  16  1:18  Drone  
  17  1:38  Spawning Pool  
  16  1:53  Extractor  
  16  1:59  Extractor  
  14  2:01  Drone x2  
  14  2:02  Drone  
  17  2:34  Hatchery  
  16  2:46  Drone  
  16  2:47  Drone  
  18  2:58  Evolution Chamber  
  17  3:15  Evolution Chamber  
  17  3:17  Evolution Chamber  
  17  3:18  Drone x2  
  17  3:45  Drone  
  17  3:46  Drone  
  19  3:56  Drone  
  20  4:15  Roach Warren  
  20  4:16  Drone  
  20  4:34  Queen  
  20  4:35  Drone x3  
  25  4:47  Zerg Missile Weapons Level 1  
  25  5:04  Zerg Ground Armor Level 1  
  25  5:53  Drone  
  25  5:54  Drone x2  
  28  6:11  Drone x2  
  28  6:12  Drone x2  
  32  6:24  Queen  
  34  6:39  Queen  
  36  6:47  Overlord x2  
  36  7:00  Zerg Melee Weapons Level 1  
  36  7:45  Lair  
  36  7:47  Queen  
  38  7:56  Drone x2  
  38  7:57  Drone  
  41  8:22  Metabolic Boost  
  41  8:25  Drone  
  42  8:32  Roach x3  
  42  8:33  Roach x2  
  42  8:36  Overlord x5  
  42  8:37  Hatchery  
  51  9:01  Queen  
  51  9:09  Roach  
  55  9:10  Roach x3  
  55  9:11  Roach x4  
  55  9:13  Roach  
  55  9:19  Overlord  
  71  9:29  Zerg Missile Weapons Level 2  
  71  9:40  Zerg Ground Armor Level 2  
  71  9:51  Queen  
  71  9:52  Roach x3  
  76  10:46  Hatchery  
  75  11:02  Roach x4  
  75  11:03  Roach x4  
  91  11:27  Overlord x4  
  91  11:28  Overlord x2  
  91  12:07  Infestation Pit  
  90  12:11  Spire  
  90  12:17  Hydralisk Den  
  88  12:33  Drone  
  89  13:03  Roach x2  
  89  13:04  Roach x5  
  89  13:05  Roach x2  
  89  13:08  Overlord x2  
  89  13:09  Overlord x2  
  107  13:10  Roach  
  109  13:36  Roach x3  
  109  13:37  Roach  
  117  13:52  Drone x2  
  117  13:53  Drone  
  120  14:29  Hatchery  
  119  14:47  Drone x3  
  119  14:48  Drone x3  
  125  15:01  Roach x3  
  125  15:02  Roach x5  
  125  15:03  Roach x2  
  125  15:07  Overlord  
  149  16:13  Queen  
  151  16:44  Corruptor  
  153  16:53  Corruptor  
  155  17:03  Extractor, Queen  
  155  17:07  Extractor  
  155  17:08  Drone x3  
  155  17:09  Drone x5  
  163  17:10  Drone x2  
  165  17:22  Drone  
  165  17:23  Drone x2  
  168  17:53  Queen  
  168  17:56  Queen  
  172  18:36  Roach  
  172  18:37  Roach x4  
  172  18:38  Roach x4  
  172  18:39  Roach  
  192  18:43  Overlord x3  
  192  19:08  Queen x2  
  196  19:31  Drone x3  
  199  19:46  Drone  
  200  19:55  Hatchery  
  178  22:10  Drone x3  
  178  22:11  Drone x3  
  178  22:12  Drone x3  
  178  22:13  Drone x4  
  178  22:14  Drone x4  
  185  22:42  Hydralisk  
  185  22:43  Hydralisk x3  
  185  22:44  Hydralisk x3  
  194  23:12  Swarm Host  
  194  23:13  Swarm Host  
  196  23:23  Hydralisk x2  
Tags
 
Add a new tag
Caveats
  • Supply blocks, unpowered buildings, or Contaminate may cause inaccurate times.
  • Supply counts are checked every 10 seconds.